 Dungeon Crawl Stone Soup version 0.31.0-1-g2c135a008e (webtiles) character file.

Game seed: 7548013365211187300

231 qw the Shooter (level 6, 0/46 HPs)
             Began as a Djinni Hunter on Jan 23, 2024.
             Slain by Edmund
             ... wielding a +2 flail of venom
              (12 damage)
             ... on level 4 of the Dungeon.
             The game lasted 00:00:13 (2723 turns).

qw the Shooter (Djinni Hunter)                      Turns: 2723, Time: 00:00:13

Health: 0/46       AC:  5    Str: 10    XL:     6   Next: 24%
Gold:   176        EV: 11    Int: 11    God:
                   SH:  0    Dex: 18

rFire   + + .        a - +0 shortbow
rCold   x . .        (shield currently unavailable)
rNeg    . . .        b - +0 ring mail
rPois   inf          (no helmet)
rElec   .            (no cloak)
rCorr   .            (no gloves)
SInv    .            (boots unavailable)
Will    .....        (no amulet)
Stlth   +            (no ring)
HPRegen 0.27/turn    (no ring)
MPRegen 0.00/turn

%: infuse magic (-1 HP)
@: about to teleport, flying
A: sickness immunity, fire resistance 2, cold vulnerability 1, float, innate
caster, HP casting, extra vitality 1
a: no special abilities


You were on level 4 of the Dungeon.
You visited 1 branch of the dungeon, and saw 4 of its levels.

You collected 176 gold pieces.


Innate Abilities, Weirdness & Mutations

You are immune to sickness and miasma.
You are immune to poison.
Your flesh is very heat resistant. (rF++)
You are vulnerable to cold. (rC-)
You float through the air rather than walking.
You learn spells naturally, not from books.
Your magical power is your life essence.
You have superior vitality. (+4 MHP)


   Skills:
 - Level 3.5 Fighting
 - Level 5.0 Ranged Weapons
 - Level 1.0 Armour
 + Level 2.7 Dodging
 - Level 0.7 Stealth


You knew the following spells:

 Your Spells              Type           Power      Damage    Failure   Level
a - Slow                  Hex            0%         N/A       65%         1
b - Scorch                Fire           0%         2d5       80%         2
Your spell library was empty.

Inventory:

Hand Weapons
 a - a +0 shortbow (weapon)
Armour
 b - a +0 ring mail (worn)
Potions
 f - a potion of heal wounds {unknown}
 h - a potion of invisibility {unknown}
 i - 3 potions of curing
 j - a potion of attraction {unknown}

Dungeon Overview and Level Annotations

Branches:
Dungeon (4/15)
 Temple: D:4-7

Altars:

Shops:
D:1 (   D:3 (

Annotations:
D:4 Edmund


Message History

Edmund closely misses you.
Edmund hits you with a +2 flail of venom.
You shoot an arrow. The arrow hits Edmund.
Edmund is severely wounded.
Edmund hits you with a +2 flail of venom!
You shoot an arrow. The arrow hits Edmund.
Edmund is severely wounded.
Edmund hits you with a +2 flail of venom.
You shoot an arrow. The arrow hits Edmund.
Edmund is severely wounded.
Edmund closely misses you. Edmund barely misses you.
You shoot an arrow.
The arrow hits Edmund but does no damage.
Edmund is severely wounded.
Edmund hits you with a +2 flail of venom.
You shoot an arrow. The arrow hits Edmund.
Edmund is severely wounded.
Edmund misses you.
You shoot an arrow.
The arrow hits Edmund but does no damage.
Edmund is severely wounded.
Edmund completely misses you.
You shoot an arrow. The arrow barely misses Edmund.
Edmund closely misses you.
Edmund hits you with a +2 flail of venom!
You shoot an arrow. The arrow closely misses Edmund.
Edmund hits you with a +2 flail of venom.
You shoot an arrow. The arrow hits Edmund.
Edmund is severely wounded.
Edmund says, "People accused me of being a cutpurse!"
Edmund hits you with a +2 flail of venom.
2722 ||| READING scroll of teleportation.
As you read the scroll of teleportation, it crumbles to dust.
You feel strangely unstable. Edmund closely misses you.
You shoot an arrow. The arrow hits Edmund!
Edmund is almost dead.
Edmund hits you with a +2 flail of venom!
You die...
Edmund says, "That'll show my brother!"

#... ... .
...#.. .....
#####[..###
#.........#
#.........#
#..@......#
.......@......#
..###.........#
...........#
###....>....#
#.........#
#...).....#
#....?....#


You could see Edmund.

Vanquished Creatures
  An ice beast (D:3)
  A hound (D:3)
  A sleepcap (D:3)
  An adder (D:3)
  2 ufetubi (D:3)
  2 dart slugs (D:3)
  A ribbon worm (D:3)
  6 ball pythons
  5 endoplasms
  2 giant cockroaches
  3 goblins
  9 hobgoblins
  4 kobolds
  5 quokkas
  3 bats
  8 frilled lizards
  4 rats
58 creatures vanquished.

Notes
Turn   | Place    | Note
-------+----------+-------------------------------------------
     0 | D:1      | qw the Djinni Hunter began the quest for the Orb.
     0 | D:1      | Reached XP level 1. HP: 18/18 MP: 0/0
     0 | D:1      | 0 ||| qw: Version: 0.3-a-132-g3d54051
     0 | D:1      | 0 ||| qw: Game counter: 579
     0 | D:1      | 0 ||| qw: Melee chars always use a shield: true
     0 | D:1      | 0 ||| qw: God list: Okawaru
     0 | D:1      | 0 ||| qw: Allow faded altars: false
     0 | D:1      | 0 ||| qw: Do Orc after clearing Dungeon:15 true
     0 | D:1      | 0 ||| qw: Do second Lair branch before Depths: true
     0 | D:1      | 0 ||| qw: Lair rune preference: random
     0 | D:1      | 0 ||| qw: Goals: Normal
     0 | D:1      | 0 ||| PLANNING D:1-11
    69 | D:1      | Reached XP level 2. HP: 23/23 MP: 0/0
   148 | D:1      | Found a faded altar of an unknown god.
   396 | D:1      | Found Ystio's Weapon Shoppe.
   404 | D:1      | Reached skill level 4 in Ranged Weapons
   404 | D:1      | Reached XP level 3. HP: 28/28 MP: 0/0
   404 | D:1      | Learned a level 1 spell: Slow
   544 | D:1      | 544 ||| READING scroll labelled NAPTURRUSEE.
   544 | D:1      | 544 ||| IDENTIFYING green potion
   545 | D:1      | 545 ||| READING 2 scrolls labelled MISIS BOARGH.
   548 | D:1      | 548 ||| DROPPING scroll of butterflies.
   549 | D:1      | 549 ||| DROPPING potion of brilliance.
   568 | D:2      | 568 ||| STAIRDANCE
   669 | D:2      | 669 ||| FLEEEEING.
  1445 | D:2      | Identified the +1 spear "Coradoak" {flame, *Noise rElec rF+
                  | SInv}
  1554 | D:2      | 1554 ||| UPGRADING to +0 ring mail.
  1564 | D:2      | 1564 ||| DROPPING +0 leather armour.
  1565 | D:2      | 1565 ||| READING scroll labelled ELUFOH MU JORPH.
  1566 | D:2      | 1566 ||| FLEEEEING.
  1676 | D:2      | 1676 ||| READING scroll labelled PAZXIR FO VEVO.
  1677 | D:2      | 1677 ||| DRINKING 4 red potions.
  1720 | D:3      | Reached XP level 4. HP: 25/34 MP: 0/0
  1720 | D:3      | 1720 ||| FLEEEEING.
  1724 | D:3      | 1724 ||| STAIRDANCE
  1774 | D:3      | Reached skill level 1 in Armour
  1837 | D:3      | Reached skill level 3 in Fighting
  1837 | D:3      | 1837 ||| FLEEEEING.
  1920 | D:3      | 1920 ||| FLEEEEING.
  1959 | D:3      | Noticed an ice beast
  1960 | D:3      | 1960 ||| RETREEEEATING.
  1962 | D:3      | 1962 ||| RETREEEEATING.
  1964 | D:3      | 1964 ||| RETREEEEATING.
  1966 | D:3      | 1966 ||| RETREEEEATING.
  1967 | D:3      | 1967 ||| ZAPPING wand of paralysis (11) at -1,1 (ice beast;
                  | floor).
  1968 | D:3      | 1968 ||| FLEEEEING.
  1969 | D:3      | 1969 ||| FLEEEEING.
  1970 | D:3      | 1970 ||| FLEEEEING.
  1971 | D:3      | 1971 ||| FLEEEEING.
  1972 | D:3      | 1972 ||| FLEEEEING.
  1974 | D:3      | 1974 ||| FLEEEEING.
  1976 | D:3      | 1976 ||| FLEEEEING.
  1978 | D:3      | 1978 ||| FLEEEEING.
  1980 | D:3      | 1980 ||| FLEEEEING.
  1982 | D:3      | 1982 ||| FLEEEEING.
  1983 | D:3      | 1983 ||| FLEEEEING.
  1984 | D:3      | 1984 ||| FLEEEEING.
  1985 | D:3      | 1985 ||| FLEEEEING.
  1987 | D:3      | 1987 ||| ZAPPING wand of paralysis (10) at -1,1 (ice beast;
                  | floor).
  1988 | D:3      | 1988 ||| FLEEEEING.
  1990 | D:3      | 1990 ||| FLEEEEING.
  1992 | D:3      | 1992 ||| FLEEEEING.
  1994 | D:3      | 1994 ||| FLEEEEING.
  1996 | D:3      | 1996 ||| FLEEEEING.
  1998 | D:3      | 1998 ||| FLEEEEING.
  2000 | D:3      | 2000 ||| FLEEEEING.
  2002 | D:3      | 2002 ||| ZAPPING wand of paralysis (9) at -1,1 (ice beast;
                  | floor).
  2003 | D:3      | 2003 ||| FLEEEEING.
  2005 | D:3      | 2005 ||| FLEEEEING.
  2007 | D:3      | 2007 ||| FLEEEEING.
  2009 | D:3      | 2009 ||| FLEEEEING.
  2011 | D:3      | 2011 ||| FLEEEEING.
  2013 | D:3      | 2013 ||| FLEEEEING.
  2014 | D:3      | 2014 ||| ZAPPING wand of paralysis (8) at -1,-1 (ice beast;
                  | floor).
  2015 | D:3      | 2015 ||| ZAPPING wand of paralysis (7) at -1,-1 (ice beast;
                  | floor).
  2016 | D:3      | 2016 ||| FLEEEEING.
  2017 | D:3      | 2017 ||| FLEEEEING.
  2018 | D:3      | 2018 ||| FLEEEEING.
  2019 | D:3      | 2019 ||| FLEEEEING.
  2021 | D:3      | 2021 ||| FLEEEEING.
  2022 | D:3      | 2022 ||| FLEEEEING.
  2023 | D:3      | 2023 ||| FLEEEEING.
  2024 | D:3      | 2024 ||| FLEEEEING.
  2025 | D:3      | 2025 ||| FLEEEEING.
  2026 | D:3      | 2026 ||| FLEEEEING.
  2027 | D:3      | 2027 ||| FLEEEEING.
  2028 | D:3      | 2028 ||| FLEEEEING.
  2029 | D:3      | 2029 ||| FLEEEEING.
  2030 | D:3      | 2030 ||| FLEEEEING.
  2031 | D:3      | 2031 ||| FLEEEEING.
  2032 | D:3      | 2032 ||| FLEEEEING.
  2033 | D:3      | 2033 ||| FLEEEEING.
  2034 | D:3      | 2034 ||| FLEEEEING.
  2035 | D:3      | 2035 ||| FLEEEEING.
  2036 | D:3      | 2036 ||| FLEEEEING.
  2037 | D:3      | 2037 ||| FLEEEEING.
  2038 | D:3      | 2038 ||| FLEEEEING.
  2039 | D:3      | 2039 ||| FLEEEEING.
  2041 | D:3      | 2041 ||| FLEEEEING.
  2042 | D:3      | 2042 ||| FLEEEEING.
  2043 | D:3      | 2043 ||| FLEEEEING.
  2044 | D:3      | 2044 ||| FLEEEEING.
  2045 | D:3      | 2045 ||| FLEEEEING.
  2046 | D:3      | 2046 ||| FLEEEEING.
  2047 | D:3      | 2047 ||| FLEEEEING.
  2048 | D:3      | 2048 ||| FLEEEEING.
  2049 | D:3      | 2049 ||| FLEEEEING.
  2050 | D:3      | 2050 ||| FLEEEEING.
  2051 | D:3      | 2051 ||| FLEEEEING.
  2052 | D:3      | 2052 ||| FLEEEEING.
  2053 | D:3      | 2053 ||| FLEEEEING.
  2054 | D:3      | 2054 ||| FLEEEEING.
  2055 | D:3      | 2055 ||| STAIRDANCE
  2112 | D:3      | 2112 ||| ZAPPING wand of paralysis (6) at 0,-1 (ice beast;
                  | floor).
  2122 | D:3      | Killed an ice beast
  2123 | D:3      | Reached XP level 5. HP: 40/40 MP: 0/0
  2123 | D:3      | Learned a level 2 spell: Scorch
  2186 | D:3      | Reached skill level 5 in Ranged Weapons
  2186 | D:3      | Reached XP level 6. HP: 41/46 MP: 0/0
  2186 | D:3      | 2186 ||| FLEEEEING.
  2326 | D:3      | Found Ykobb's Antique Weapon Emporium.
  2675 | D:3      | 2675 ||| READING scroll labelled AZIATIMUIS.
  2694 | D:4      | Noticed Edmund
  2695 | D:4      | 2695 ||| ZAPPING wand of paralysis (5) at -1,5 (Edmund;
                  | floor).
  2696 | D:4      | 2696 ||| ZAPPING wand of paralysis (4) at -1,4 (Edmund;
                  | floor).
  2701 | D:4      | 2701 ||| ZAPPING wand of paralysis (3) at -1,3 (Edmund;
                  | floor).
  2706 | D:4      | 2706 ||| ZAPPING wand of paralysis (2) at 0,2 (Edmund;
                  | floor).
  2707 | D:4      | 2707 ||| ZAPPING wand of paralysis (1) at 0,1 (Edmund;
                  | floor).
  2721 | D:4      | HP: 11/46 [Edmund/+2 flail of venom (2)]
  2722 | D:4      | 2722 ||| READING scroll of teleportation.
  2723 | D:4      | Slain by Edmund

Levels and vault maps discovered:
D:1:      minmay_arrival_hallway, layout_basic, serial_shops,
          nicolae_shop_bloodbath_and_beyond, shapermc_ecumenical_altar_venn
D:2:      layout_basic
D:3:      layout_loops_cross, serial_shops, nicolae_shop_overgrown_old_shop,
          dreamdust_wishing_well
D:4:      layout_rooms, minmay_temple_entry_antechambers, uniq_edmund

Skill      XL: |  1  2  3  4  5 |
---------------+----------------+-----
Ranged Weapons | 4 5 |  5.0
Armour         | 1 |  1.0
Fighting       | 3 |  3.5
Dodging        | |  2.7
Stealth        | |  0.7

Action                     |  1- 3 |  4- 6 || total
---------------------------+-------+-------++-------
   Fire: Shortbow          |   122 |    85 ||   207
  Evoke: Wand              |       |    11 ||    11
    Use: Scroll            |     4 |     2 ||     6
         Potion            |     1 |       ||     1
 Armour: Leather armour    |    24 |       ||    24
         Ring mail         |     4 |    32 ||    36
  Dodge: Dodged            |    35 |    27 ||    62

Table legend:
 A = Non-vault XP
 B = Vault XP
 C = Vault XP percentage of total XP
 D = Non-vault monster count
 E = Vault monster count
 F = Vault count percentage of total count
                 A         B        C        D         E       F
            +---------+---------+-------+---------+---------+-------
      Total |     331 |       0 |   0.0 |      58 |       0 |   0.0
            +---------+---------+-------+---------+---------+-------
        D:1 |      33 |       0 |   0.0 |      20 |       0 |   0.0
        D:2 |      29 |       0 |   0.0 |      19 |       0 |   0.0
        D:3 |     269 |       0 |   0.0 |      19 |       0 |   0.0
            +---------+---------+-------+---------+---------+-------
